 Dungeon Crawl Stone Soup version 0.23.2-1-ga50397a (webtiles) character file.

Game seed: 4063751383377088954

173 xveg the Firebug (level 5, -5/33 HPs)
             Began as an Octopode Fire Elementalist on May 7, 2019.
             Was an Initiate of Sif Muna.
             Killed by divine providence
             ... invoked by an orc priest
              (13 damage)
             ... on level 3 of the Dungeon.
             The game lasted 00:13:44 (4467 turns).

xveg the Firebug (Octopode Fire Elementalist)       Turns: 4467, Time: 00:13:44

Health: -5/33      AC:  1    Str: 10    XL:     5   Next: 53%
Magic:  2/9        EV: 14    Int: 19    God:    Sif Muna [......]
Gold:   121        SH:  0    Dex: 12    Spells: 7/10 levels left

rFire    x . .     SeeInvis .   c - +1 dagger (speed)
rCold    + . .     Gourm    .   (no shield)
rNeg     . . .     Faith    .   (helmet restricted)
rPois    .         Spirit   .   (no amulet)
rElec    .         Reflect  .   m - +3 ring of strength
rCorr    .         Harm     .   d - ring of ice
MR       .....                  (no ring)
Stlth    +++.......             (no ring)
HPRegen  0.11/turn              (no ring)
MPRegen  0.11/turn              (no ring)
                                (no ring)
                                (no ring)

@: very slightly contaminated
A: almost no armour, stealthy swim, amphibious, 8 rings, constrict 8, camouflage
1, gelatinous body 1
a: Renounce Religion


You were on level 3 of the Dungeon.
You worshipped Sif Muna.
Sif Muna was noncommittal.
You were not hungry.

You visited 1 branch of the dungeon, and saw 3 of its levels.

You collected 121 gold pieces.

Inventory:

Hand Weapons
 c - a +1 dagger of speed (weapon)
 i - a +2 hand axe of electrocution
Armour
 k - a +1 pair of boots
Jewellery
 d - a ring of ice (right tentacle)
 m - a +3 ring of strength (left tentacle)
 p - a cursed -5 ring of dexterity {unknown}
Scrolls
 e - a scroll of teleportation
 g - a scroll of enchant armour
 o - 2 scrolls of remove curse
 q - a scroll of noise {unknown}
 r - a scroll of identify
Potions
 a - a potion of heal wounds {unknown}
 f - a potion of brilliance {unknown}
 h - a potion of curing {unknown}
 j - 2 potions of degeneration {unknown}
 l - a potion of ambrosia {unknown}
 n - a potion of flight {unknown}
Comestibles
 b - 2 rations


   Skills:
 + Level 1.0 Fighting
 + Level 0.7 Short Blades
 + Level 2.6 Dodging
 * Level 3.2 Stealth
 + Level 3.0 Spellcasting
 * Level 2.5 Conjurations
 * Level 3.9 Fire Magic


You had 7 spell levels left.
You knew the following spells:

 Your Spells              Type           Power        Failure   Level  Hunger
a - Flame Tongue          Conj/Fire      ###..        4%          1    None
b - Throw Flame           Conj/Fire      ###...       6%          2    ##.....

Your spell library contained the following spells:

 Spells                   Type           Power        Failure   Level  Hunger
 Conjure Flame            Conj/Fire      ###.....     12%         3    ###....
 Inner Flame              Hex/Fire       ##......     21%         3    ###....
 Sticky Flame             Conj/Fire      ###.....     36%         4    ####...
 Fireball                 Conj/Fire      ###.......   73%         5    ######.


Dungeon Overview and Level Annotations

Branches:
Dungeon (3/15)

Altars:
Sif Muna

Annotations:
D:3 1 runed translucent door, Crazy Yiuf


Innate Abilities, Weirdness & Mutations

You cannot wear most types of armour.
You are very stealthy in the water. (Stealth+)
You are amphibious.
You can wear up to eight rings at the same time.
You can use your tentacles to constrict eight enemies at once.
Your skin changes colour to match your surroundings (Stealth+).
Your rubbery body absorbs attacks. (AC +1, EV +1)


Message History

The orc priest invokes the aid of Beogh against you.
Beogh smites you!
* * * LOW HITPOINT WARNING * * *
You see here a hand axe.
Casting: Throw Flame (safe; 6% risk of failure)
Confirm with . or Enter, or press ? or * to list all spells.
You don't have enough magic to cast that spell.
Unknown command.
The orc is too close now for your liking.
Casting: Throw Flame (safe; 6% risk of failure)
Confirm with . or Enter, or press ? or * to list all spells.
You don't have enough magic to cast that spell.
Unknown command.
The orc priest calls upon Beogh to heal the orc.
The orc's wounds heal themselves!
The orc priest casts a cantrip, but nothing happens.
The orc priest looks braver for a moment.
The orc priest invokes the aid of Beogh against you.
Beogh smites you!
You die...

#..#
#.#.'...............
##.#
#.#.#..............#
#######.##
#.#.################
#).......# #.#.# #.#
#.#####..# #.#.# #.#
#.# #...# #.# #.# #.#
#...# #.# #.## .
#.#####..)# #.#
#..#####.# .....##...#
#@#####.........
#.##.......
#..o...oo...### #.#
##...........#####....#
#.# #######.#####.....#
#.# #.#..oo..###.# #.#
#.#o####.# .# ...
#(..).##.# .# ###
###.#)##.# . # #.#o##..


You could see 2 orc priests and an orc.

Vanquished Creatures
  A jelly (D:2)
  3 adders
  11 oozes (D:2)
  3 dart slugs
  2 leopard geckos (D:2)
  An orc (D:3)
  9 goblins
  7 hobgoblins
  11 kobolds
  2 quokkas (D:2)
  5 bats
  4 frilled lizards
  7 rats
  5 fungi (D:2)
71 creatures vanquished.

Vanquished Creatures (others)
  A fungus (D:2)
  8 toadstools (D:2)
9 creatures vanquished.

Grand Total: 80 creatures vanquished

Notes
Turn   | Place    | Note
-------+----------+-------------------------------------------
     0 | D:1      | xveg the Octopode Fire Elementalist began the quest for the
                  | Orb.
     0 | D:1      | Reached XP level 1. HP: 11/11 MP: 3/3
  1154 | D:1      | Reached XP level 2. HP: 7/17 MP: 0/5
  1158 | D:1      | Learned a level 2 spell: Throw Flame
  2307 | D:2      | Reached XP level 3. HP: 21/21 MP: 1/6
  2969 | D:2      | Found a deep blue altar of Sif Muna.
  2976 | D:2      | Became a worshipper of Sif Muna the Loreminder
  3064 | D:2      | Reached XP level 4. HP: 27/27 MP: 0/7
  3938 | D:2      | Reached skill level 1 in Fighting
  3938 | D:2      | Reached XP level 5. HP: 19/33 MP: 5/9
  4161 | D:3      | Found a runed translucent door.
  4162 | D:3      | Noticed Crazy Yiuf
  4467 | D:3      | Killed from afar by an orc priest

Skill      XL: |  1  2  3  4  5 |
---------------+----------------+-----
Conjurations   | 2 |  2.5
Stealth        | 3 |  3.2
Fighting       | 1 |  1.0
Spellcasting   | 3 |  3.0
Short Blades   | |  0.7
Dodging        | |  2.6
Fire Magic     | |  3.9

Action                   |  1- 3 |  4- 6 || total
-------------------------+-------+-------++-------
Melee: Dagger            |    16 |   104 ||   120
       Unarmed           |     1 |       ||     1
       Constrict         |     4 |    11 ||    15
       Tentacles         |     3 |    15 ||    18
 Cast: Flame Tongue      |    10 |       ||    10
       Throw Flame       |    26 |    40 ||    66
  Use: Scroll            |       |     5 ||     5
 Stab: Sleeping          |       |     4 ||     4
  Eat: Ration            |     2 |     2 ||     4
       Chunk             |     1 |     2 ||     3
Armor: Skin              |     5 |     4 ||     9
Dodge: Dodged            |    13 |    36 ||    49
